[ PARTIDA AOE2 · #504932062 ]
UnrankedMaya vs Maya
Equipo del jugador · DERR
Equipo rival · VICT
[ ANÁLISIS DE REPETICIÓN · EXTRAÍDO DE LA PARTIDA GRABADA ]
Feudal
10:18
Castillos
19:59
Imperial
37:13
| APM promedio | 86.9 |
| APM pico | 137 |
| eAPM promedio | 32.6 |
| Aldeanos / militares | 123 / 84 |
Foco
⚔️ 38.4% · 🌾 61.6%
Archer ×44 · Skirmisher ×22 · Mangonel ×8 · Plumed Archer ×6 · Militia ×2 · Eagle Scout ×1
Feudal
9:02
Castillos
21:16
Imperial
36:36
| APM promedio | 55.7 |
| APM pico | 82 |
| eAPM promedio | 26.6 |
| Aldeanos / militares | 110 / 115 |
Foco
⚔️ 39.2% · 🌾 60.8%
Archer ×99 · Battering Ram ×5 · Eagle Scout ×4 · Mangonel ×3 · Trebuchet (Packed) ×3 · Monk ×1
Mapa de la partida
Recursos iniciales + cada clic de construcción. Líneas = muros · curvas = relieve. ◆ oro · ⬟ piedra · ● bayas · ✦ reliquia · ◌ hueco del cierre
Tu base· ✓ Cerrada en 19:59 · 38t muro · 1 puerta(s)
Base de FEIYUNQI11· Abierta — hueco de 4t
Terreno inicial suavizado · ◌ = hueco del cierre detectado · pasá el cursor para detalles
Inputs por minuto
— BOA - - FEIYUNQI11
Build order — BOA
Primeras 150 de 341 acciones detectadas
| 0:00 | Investigar | Loom |
| 0:02 | Construir | House |
| 0:02 | Construir | House |
| 0:07 | Crear | Villager (Male) |
| 0:07 | Crear | Villager (Male) |
| 0:10 | Crear | Villager (Male) |
| 1:17 | Crear | Villager (Male) |
| 1:51 | Construir | Lumber Camp |
| 1:59 | Crear | Villager (Male) |
| 2:26 | Crear | Villager (Male) |
| 2:43 | Crear | Villager (Male) |
| 2:53 | Crear | Villager (Male) |
| 3:18 | Crear | Villager (Male) |
| 3:18 | Crear | Villager (Male) |
| 3:52 | Construir | House |
| 3:56 | Crear | Villager (Male) |
| 3:56 | Crear | Villager (Male) |
| 4:34 | Construir | Barracks |
| 4:37 | Crear | Villager (Male) |
| 4:38 | Crear | Villager (Male) |
| 5:25 | Crear | Villager (Male) |
| 5:27 | Construir | House |
| 5:28 | Crear | Militia |
| 5:28 | Crear | Militia |
| 5:41 | Crear | Villager (Male) |
| 5:50 | Crear | Villager (Male) |
| 5:57 | Construir | Palisade Wall |
| 6:01 | Crear | Villager (Male) |
| 6:11 | Construir | Palisade Wall |
| 6:20 | Construir | Palisade Wall |
| 6:23 | Construir | Palisade Wall |
| 6:39 | Construir | Mill |
| 6:39 | Crear | Villager (Male) |
| 6:42 | Crear | Villager (Male) |
| 6:53 | Crear | Villager (Male) |
| 7:09 | Construir | Palisade Wall |
| 7:16 | Construir | Palisade Wall |
| 7:44 | Construir | House |
| 8:08 | Investigar | Feudal Age |
| 8:45 | Construir | Farm |
| 9:15 | Construir | Farm |
| 9:22 | Crear | Villager (Male) |
| 9:36 | Construir | Mining Camp |
| 10:14 | Construir | Farm |
| 10:18 | Edad | Edad Feudal |
| 10:22 | Investigar | Gold Mining |
| 10:25 | Investigar | Double-Bit Axe |
| 10:44 | Construir | Archery Range |
| 10:47 | Construir | Archery Range |
| 10:51 | Crear | Villager (Male) |
| 10:54 | Crear | Villager (Male) |
| 10:55 | Construir | Farm |
| 10:55 | Crear | Villager (Male) |
| 11:01 | Crear | Villager (Male) |
| 11:06 | Construir | House |
| 11:20 | Construir | Farm |
| 11:41 | Construir | House |
| 11:42 | Crear | Skirmisher |
| 11:47 | Construir | Farm |
| 11:53 | Crear | Skirmisher |
| 11:56 | Construir | House |
| 11:57 | Construir | Palisade Wall |
| 11:58 | Crear | Villager (Male) |
| 12:14 | Construir | Farm |
| 12:14 | Crear | Villager (Male) |
| 12:18 | Crear | Archer |
| 12:42 | Crear | Villager (Male) |
| 12:45 | Crear | Villager (Male) |
| 12:50 | Construir | Palisade Wall |
| 13:02 | Crear | Eagle Scout |
| 13:02 | Crear | Villager (Male) |
| 13:04 | Construir | Farm |
| 13:05 | Construir | Farm |
| 13:07 | Crear | Villager (Male) |
| 13:12 | Crear | Villager (Male) |
| 13:14 | Crear | Villager (Male) |
| 13:20 | Construir | Farm |
| 13:31 | Crear | Villager (Male) |
| 13:42 | Crear | Archer |
| 13:45 | Crear | Villager (Male) |
| 13:49 | Construir | House |
| 13:52 | Crear | Villager (Male) |
| 13:57 | Crear | Skirmisher |
| 13:57 | Crear | Villager (Male) |
| 14:20 | Construir | Palisade Gate |
| 14:21 | Construir | House |
| 14:54 | Construir | Blacksmith |
| 14:58 | Construir | House |
| 15:00 | Crear | Villager (Male) |
| 15:04 | Crear | Archer |
| 15:09 | Construir | Palisade Wall |
| 15:10 | Construir | Palisade Wall |
| 15:14 | Construir | House |
| 15:14 | Construir | Palisade Wall |
| 15:18 | Crear | Archer |
| 15:24 | Construir | Farm |
| 15:25 | Construir | Farm |
| 15:37 | Crear | Villager (Male) |
| 15:42 | Crear | Villager (Male) |
| 15:56 | Construir | House |
| 15:59 | Crear | Villager (Male) |
| 16:01 | Crear | Skirmisher |
| 16:07 | Investigar | Fletching |
| 16:08 | Crear | Villager (Male) |
| 16:25 | Crear | Skirmisher |
| 16:28 | Crear | Skirmisher |
| 16:33 | Investigar | Padded Archer Armor |
| 16:49 | Crear | Skirmisher |
| 16:55 | Crear | Villager (Male) |
| 16:57 | Crear | Villager (Male) |
| 17:03 | Construir | Market |
| 17:09 | Construir | Farm |
| 17:19 | Investigar | Castle Age |
| 17:23 | Construir | Farm |
| 17:23 | Construir | Farm |
| 17:23 | Construir | Farm |
| 17:25 | Crear | Skirmisher |
| 17:40 | Crear | Villager (Male) |
| 17:50 | Investigar | Padded Archer Armor |
| 18:10 | Crear | Skirmisher |
| 18:17 | Construir | Farm |
| 18:17 | Construir | Farm |
| 18:27 | Investigar | Horse Collar |
| 18:31 | Construir | House |
| 18:42 | Crear | Villager (Male) |
| 18:44 | Construir | Farm |
| 18:58 | Crear | Villager (Male) |
| 19:59 | Edad | Edad de los Castillos |
| 20:00 | Investigar | Elite Skirmisher (upgrade) |
| 20:01 | Investigar | Bow Saw |
| 20:04 | Investigar | Bodkin Arrow |
| 20:10 | Construir | Town Center |
| 20:15 | Crear | Villager (Male) |
| 20:26 | Crear | Archer |
| 20:33 | Investigar | Crossbowman (upgrade) |
| 20:33 | Investigar | Crossbowman (upgrade) |
| 20:35 | Crear | Archer |
| 20:38 | Crear | Villager (Male) |
| 20:40 | Construir | Farm |
| 20:42 | Construir | Farm |
| 20:50 | Crear | Archer |
| 20:53 | Crear | Archer |
| 21:01 | Crear | Villager (Male) |
| 21:05 | Investigar | Gold Mining |
| 21:17 | Investigar | Crossbowman (upgrade) |
| 21:19 | Crear | Archer |
| 21:25 | Crear | Villager (Male) |
| 21:35 | Crear | Archer |
| 21:38 | Crear | Archer |
| 21:45 | Construir | Archery Range |
Build order — FEIYUNQI11
Primeras 150 de 350 acciones detectadas
| 0:01 | Investigar | Loom |
| 0:03 | Construir | House |
| 0:04 | Construir | House |
| 0:21 | Crear | Villager (Male) |
| 0:21 | Crear | Villager (Male) |
| 0:21 | Crear | Villager (Male) |
| 1:16 | Crear | Villager (Male) |
| 1:47 | Crear | Villager (Male) |
| 2:04 | Construir | Lumber Camp |
| 2:34 | Crear | Villager (Male) |
| 2:56 | Crear | Villager (Male) |
| 3:26 | Crear | Villager (Male) |
| 3:26 | Crear | Villager (Male) |
| 3:28 | Construir | House |
| 3:38 | Construir | House |
| 3:53 | Crear | Villager (Male) |
| 4:16 | Crear | Villager (Male) |
| 4:16 | Crear | Villager (Male) |
| 4:37 | Crear | Villager (Male) |
| 4:42 | Crear | Villager (Male) |
| 5:23 | Construir | Mining Camp |
| 5:40 | Crear | Villager (Male) |
| 6:52 | Investigar | Feudal Age |
| 7:28 | Construir | House |
| 7:32 | Construir | Palisade Wall |
| 7:45 | Construir | House |
| 7:49 | Construir | Palisade Wall |
| 8:00 | Construir | Palisade Wall |
| 8:06 | Crear | Villager (Male) |
| 8:08 | Construir | Barracks |
| 8:26 | Construir | House |
| 8:58 | Crear | Villager (Male) |
| 9:02 | Edad | Edad Feudal |
| 9:04 | Construir | House |
| 9:10 | Construir | Archery Range |
| 9:22 | Crear | Villager (Male) |
| 9:26 | Construir | Palisade Wall |
| 9:37 | Construir | Palisade Wall |
| 9:42 | Construir | Palisade Wall |
| 9:48 | Crear | Villager (Male) |
| 9:56 | Construir | Mill |
| 10:27 | Construir | Palisade Wall |
| 10:30 | Crear | Archer |
| 10:35 | Crear | Villager (Male) |
| 10:52 | Crear | Villager (Male) |
| 11:02 | Crear | Archer |
| 11:20 | Crear | Villager (Male) |
| 11:22 | Construir | Farm |
| 11:24 | Construir | Farm |
| 11:25 | Construir | Farm |
| 11:27 | Construir | Farm |
| 11:42 | Crear | Archer |
| 11:48 | Crear | Villager (Male) |
| 11:53 | Construir | Farm |
| 12:06 | Crear | Archer |
| 12:21 | Crear | Villager (Male) |
| 12:29 | Construir | House |
| 12:34 | Crear | Villager (Male) |
| 12:37 | Construir | Farm |
| 12:42 | Crear | Archer |
| 12:45 | Construir | House |
| 12:58 | Crear | Villager (Male) |
| 13:18 | Construir | Blacksmith |
| 13:31 | Crear | Archer |
| 13:32 | Crear | Villager (Male) |
| 13:53 | Construir | House |
| 13:57 | Construir | Palisade Wall |
| 14:02 | Construir | House |
| 14:04 | Crear | Villager (Male) |
| 14:14 | Crear | Archer |
| 14:15 | Crear | Villager (Male) |
| 14:17 | Construir | Farm |
| 14:33 | Crear | Archer |
| 14:45 | Investigar | Fletching |
| 14:49 | Crear | Archer |
| 14:50 | Crear | Villager (Male) |
| 14:57 | Crear | Eagle Scout |
| 14:58 | Crear | Villager (Male) |
| 15:00 | Construir | Farm |
| 15:01 | Construir | Farm |
| 15:12 | Crear | Villager (Male) |
| 15:15 | Construir | Farm |
| 15:19 | Crear | Archer |
| 15:23 | Crear | Eagle Scout |
| 15:34 | Construir | Farm |
| 15:34 | Crear | Villager (Male) |
| 15:44 | Construir | House |
| 15:56 | Construir | Farm |
| 15:57 | Crear | Villager (Male) |
| 16:30 | Crear | Villager (Male) |
| 16:33 | Construir | Farm |
| 16:34 | Construir | Farm |
| 16:37 | Construir | Farm |
| 16:41 | Construir | Lumber Camp |
| 16:57 | Crear | Archer |
| 17:25 | Construir | Farm |
| 17:33 | Crear | Villager (Male) |
| 17:47 | Crear | Archer |
| 17:53 | Investigar | Double-Bit Axe |
| 17:56 | Crear | Villager (Male) |
| 18:36 | Investigar | Castle Age |
| 18:39 | Construir | Archery Range |
| 18:49 | Crear | Archer |
| 18:49 | Crear | Archer |
| 19:06 | Investigar | Horse Collar |
| 19:08 | Crear | Archer |
| 19:20 | Investigar | Gold Mining |
| 19:25 | Crear | Archer |
| 19:29 | Crear | Eagle Scout |
| 19:45 | Crear | Archer |
| 19:46 | Crear | Archer |
| 20:04 | Construir | House |
| 20:33 | Crear | Archer |
| 20:33 | Crear | Archer |
| 20:42 | Crear | Archer |
| 20:43 | Crear | Archer |
| 20:45 | Crear | Villager (Male) |
| 21:16 | Edad | Edad de los Castillos |
| 21:18 | Investigar | Crossbowman (upgrade) |
| 21:20 | Investigar | Bodkin Arrow |
| 21:23 | Construir | Siege Workshop |
| 21:29 | Crear | Archer |
| 21:29 | Crear | Archer |
| 21:31 | Crear | Villager (Male) |
| 21:31 | Crear | Villager (Male) |
| 21:41 | Construir | Town Center |
| 21:51 | Crear | Mangonel |
| 21:53 | Crear | Archer |
| 21:53 | Crear | Archer |
| 22:06 | Crear | Archer |
| 22:28 | Crear | Battering Ram |
| 22:29 | Crear | Villager (Male) |
| 22:36 | Crear | Archer |
| 22:39 | Crear | Villager (Male) |
| 22:45 | Crear | Villager (Male) |
| 23:01 | Crear | Archer |
| 23:03 | Crear | Villager (Male) |
| 23:10 | Crear | Archer |
| 23:10 | Crear | Archer |
| 23:23 | Construir | Town Center |
| 23:36 | Crear | Archer |
| 23:42 | Crear | Villager (Male) |
| 23:42 | Crear | Villager (Male) |
| 23:42 | Crear | Villager (Male) |
| 23:52 | Construir | House |
| 23:53 | Construir | House |
| 23:58 | Crear | Archer |
| 23:59 | Crear | Villager (Male) |
| 24:01 | Crear | Villager (Male) |
| 24:05 | Construir | House |
Cronología de la partida
| 4:34 | BOA · first_building Barracks |
| 5:57 | BOA · wall_segment Palisade Wall x4 |
| 6:11 | BOA · wall_segment Palisade Wall x6 |
| 6:20 | BOA · wall_segment Palisade Wall x3 |
| 6:23 | BOA · wall_segment Palisade Wall x4 |
| 7:09 | BOA · wall_segment Palisade Wall x4 |
| 7:16 | BOA · wall_segment Palisade Wall x5 |
| 7:32 | FEIYUNQI11 · wall_segment Palisade Wall x5 |
| 7:49 | FEIYUNQI11 · wall_segment Palisade Wall x4 |
| 8:00 | FEIYUNQI11 · wall_segment Palisade Wall x4 |
| 8:08 | FEIYUNQI11 · first_building Barracks |
| 9:02 | FEIYUNQI11 · age_up feudal |
| 9:10 | FEIYUNQI11 · first_building Archery Range |
| 9:26 | FEIYUNQI11 · wall_segment Palisade Wall x9 |
| 9:37 | FEIYUNQI11 · wall_segment Palisade Wall x3 |
| 9:42 | FEIYUNQI11 · wall_segment Palisade Wall x1 |
| 10:18 | BOA · age_up feudal |
| 10:27 | FEIYUNQI11 · wall_segment Palisade Wall x1 |
| 10:44 | BOA · first_building Archery Range |
| 11:57 | BOA · wall_segment Palisade Wall x6 |
| 12:50 | BOA · wall_segment Palisade Wall x2 |
| 13:57 | FEIYUNQI11 · wall_segment Palisade Wall x5 |
| 15:09 | BOA · wall_segment Palisade Wall x2 |
| 15:10 | BOA · wall_segment Palisade Wall x2 |
| 15:14 | BOA · wall_segment Palisade Wall x1 |
| 19:59 | BOA · age_up castle |
| 21:16 | FEIYUNQI11 · age_up castle |
| 21:23 | FEIYUNQI11 · first_building Siege Workshop |
| 24:30 | BOA · first_building Siege Workshop |
| 29:01 | FEIYUNQI11 · first_building Monastery |
| 31:33 | BOA · first_building Castle |
| 32:55 | FEIYUNQI11 · first_market_sell 100 food |
| 33:12 | BOA · first_market_sell 500 stone |
| 33:12 | BOA · first_market_buy 500 wood |
| 33:18 | FEIYUNQI11 · first_building Castle |
| 34:33 | FEIYUNQI11 · wall_segment Palisade Wall x4 |
| 34:34 | FEIYUNQI11 · wall_segment Palisade Wall x1 |
| 36:36 | FEIYUNQI11 · age_up imperial |
| 36:49 | FEIYUNQI11 · first_market_buy 100 wood |
| 37:13 | BOA · age_up imperial |
| 38:01 | BOA · resign |
[ ANÁLISIS IA · 1 CRÉDITO ]
¿Qué pasó realmente en esta partida?
Wolo.gg analiza cada decisión: build order, eco, micro, errores típicos por bracket. Análisis personalizado por WhatsApp o Discord en 30 segundos.
Guía civ
Maya
Perfil
Jugador #65647